 Dungeon Crawl Stone Soup version 0.28-a0-1518-gbe868bca14 (webtiles) character file.

Game seed: 11931721228169058909

81 Gildeon the Insei (level 4, 0/28 HPs)
             Began as an Octopode Transmuter on Jan 16, 2022.
             Slain by an iguana (12 damage)
             ... on level 4 of the Dungeon.
             The game lasted 00:10:32 (3171 turns).

Gildeon the Insei (Octopode Transmuter)             Turns: 3171, Time: 00:10:33

Health: 0/28       AC:  1    Str: 11    XL:     4   Next: 42%
Magic:  6/7        EV: 13    Int: 15    God:
Gold:   267        SH:  0    Dex: 12    Spells: 1/7 levels left

rFire   . . .      SeeInvis .     - Unarmed
rCold   . . .      Faith    .   (no shield)
rNeg    . . .      Spirit   .   (helmet currently unavailable)
rPois   .          Reflect  .   (no amulet)
rElec   .          Harm     .   f - ring of willpower
rCorr   .          Rampage  .   (no ring)
Will    +....                   (no ring)
Stlth   +++.......              (no ring)
HPRegen 0.09/turn               (no ring)
MPRegen 0.10/turn               (no ring)
                                (no ring)
                                (no ring)

@: appendages
A: tentacle spike 3, almost no armour, amphibious, 8 rings, camouflage 1,
gelatinous body 1, (nimble swimmer 1), tentacles
a: End Transformation


You were on level 4 of the Dungeon.
One of your tentacles had grown a beastly spike.
You visited 1 branch of the dungeon, and saw 4 of its levels.

You collected 890 gold pieces.
You spent 623 gold pieces at shops.

Inventory:

Jewellery
 f - a ring of willpower (left tentacle)
Scrolls
 a - 3 scrolls of vulnerability
 d - a scroll of brand weapon
 e - 2 scrolls of holy word
 g - a scroll of enchant weapon {unknown}
 h - a scroll of blinking
 i - a scroll of teleportation
 l - a scroll of identify
Potions
 b - a potion of resistance
 c - a potion of heal wounds {unknown}
 j - a potion of mutation {unknown}
 k - a potion of curing


   Skills:
 - Level 1.0 Fighting
 + Level 2.6 Dodging
 + Level 2.2 Stealth
 * Level 3.9 Unarmed Combat
 - Level 2.0 Spellcasting
 + Level 2.6 Transmutations


You had one spell level left.
You knew the following spells:

 Your Spells              Type           Power      Damage    Failure   Level
a - Beastly Appendage     Tmut           18%        N/A       8%          1
b - Wereblood             Tmut           9%         N/A       11%         2
c - Spider Form           Tmut/Pois      5%         N/A       36%         3

Your spell library contained the following spells:

 Spells                   Type           Power      Damage    Failure   Level
 Ice Form                 Ice/Tmut       5%         N/A       77%         4


Dungeon Overview and Level Annotations

Branches:
Dungeon (4/15)
 Temple: D:4-7

Altars:
Elyvilon
Trog

Annotations:
D:2 Natasha
D:3 2 runed translucent doors, exclusion: 3 gnolls, Terence; p0werm0de's ghost, amateur MiCK


Innate Abilities, Weirdness & Mutations

One of your tentacles has grown a beastly spike.
You cannot wear most types of armour.
You are amphibious.
You can wear up to eight rings at the same time.
Your skin changes colour to match your surroundings (Stealth+).
Your rubbery body absorbs attacks. (AC +1, EV +1)
((You are camouflaged when in or above water. (Stealth+)))
You have tentacles for arms and can constrict up to eight enemies at once.


Message History

Press: ? - help, . - travel You can't see that place. [the floor.] Reduced exclusion size to a single square.
Press: ? - help, . - travel You can't see that place. [the floor.] Removed exclusion.
Placed new exclusion.
You can't memorise that many levels of magic yet!
Okay, then.
(D) Dungeon
Where to? (Enter - D:2 @ (x,y), ? - help)
There is a stone staircase leading down here.
You climb downwards.
Found 21 bolts.
There is a stone staircase leading up here.
You miscast Beastly Appendage.
You are very lightly contaminated with residual magic.
Nothing appears to happen.
Your magical contamination has completely faded away.
Magic restored.
An iguana comes into view.
Found a robe and 3 gold pieces.
Found a stone staircase leading down.
The iguana hisses angrily.
Casting: Beastly Appendage (safe; 8% risk of failure)
Confirm with . or Enter, or press ? or * to list all spells.
One of your tentacles grows a vicious spike.
The iguana bites you.
You closely miss the iguana. You grab the iguana.
You constrict the iguana, but do no damage.
The iguana bites you!
Ouch! That really hurt!
You tentacle-slap the iguana.
You pierce the iguana, but do no damage.
The iguana is moderately wounded.
You constrict the iguana.
You tentacle-slap the iguana but do no damage.
The iguana is moderately wounded.
You constrict the iguana. The iguana bites you!
You die...

#....>. $.....ยง
#...... .......
......#.........
...............
#.............
#.............
#.............
#...l......#
#...#@#....##
#.[ #......##
#.. #.#.....##
#.. ###......#
.. ##.####..# .
#..# .. #..# .
#..# ##.##


You could see an iguana.

Vanquished Creatures
  A gnoll (D:2)
  3 adders (D:2)
  A worm (D:2)
  An orc (D:3)
  5 bats
  3 endoplasms (D:1)
  4 giant cockroaches
  5 goblins
  4 hobgoblins
  A kobold (D:3)
  A quokka (D:1)
  4 ball pythons
  2 frilled lizards
  4 rats
39 creatures vanquished.

Notes
Turn   | Place    | Note
-------+----------+-------------------------------------------
     0 | D:1      | Gildeon the Octopode Transmuter began the quest for the
                  | Orb.
     0 | D:1      | Reached XP level 1. HP: 13/13 MP: 3/3
   123 | D:1      | Reached XP level 2. HP: 9/18 MP: 3/5
   130 | D:1      | Learned a level 2 spell: Wereblood
   276 | D:1      | Found Xicoj's Magic Scroll Boutique.
   279 | D:1      | Found a faded altar of an unknown god.
   344 | D:1      | Reached skill level 1 in Stealth
   819 | D:1      | Bought a scroll of identify for 28 gold pieces
   826 | D:2      | Identified a scroll of acquirement
   827 | D:2      | Acquired 763 gold pieces
   835 | D:1      | Bought a scroll of identify for 28 gold pieces
   835 | D:1      | Bought a scroll of holy word for 105 gold pieces
   835 | D:1      | Bought a scroll of blinking for 105 gold pieces
   835 | D:1      | Bought a scroll of vulnerability for 105 gold pieces
   835 | D:1      | Bought a scroll of teleportation for 42 gold pieces
   835 | D:1      | Bought a scroll of vulnerability for 105 gold pieces
   835 | D:1      | Bought a scroll of holy word for 105 gold pieces
  1088 | D:2      | You fall into a shaft and drop 1 floor!
  1177 | D:2      | Reached XP level 3. HP: 11/23 MP: 4/6
  1751 | D:2      | Learned a level 3 spell: Spider Form
  1805 | D:2      | Noticed Natasha
  1826 | D:2      | Reached XP level 4. HP: 28/28 MP: 5/7
  2295 | D:3      | Noticed Terence
  2584 | D:3      | Found a runed translucent door.
  2590 | D:3      | Noticed p0werm0de's ghost (amateur MiCK)
  2649 | D:3      | Found a runed translucent door.
  2655 | D:3      | Found a bloodstained altar of Trog.
  2856 | D:3      | Found a white marble altar of Elyvilon.
  3171 | D:4      | Slain by an iguana

Illustrated notes

Levels and vault maps discovered:
D:1:      amcnicky_arrival_underground_garden, layout_basic,
          basic_ecumenical_altar, serial_shops, shop
D:2:      layout_basic, minmay_misc_feat_tower, minmay_liquid_box, uniq_natasha
D:3:      layout_basic, lemuel_coloured_pillars_altar,
          trog_three_pillars_becter, ebering_ghost_sewer_f, uniq_terence
D:4:      layout_layer_cave, grunt_dithmenos_smoke

Skill      XL: |  1  2  3 |
---------------+----------+-----
Stealth        | 1 2 |  2.2
Fighting       | |  1.0
Dodging        | |  2.6
Unarmed Combat | |  3.9
Spellcasting   | |  2.0
Transmutations | |  2.6

Action                   |  1- 3 |  4- 6 || total
-------------------------+-------+-------++-------
Melee: Unarmed           |    66 |    27 ||    93
       Constrict         |    14 |     7 ||    21
       Kick              |    15 |     1 ||    16
       Punch             |     2 |       ||     2
       Tentacles         |     7 |     5 ||    12
 Cast: Beastly Appendage |    12 |     1 ||    13
  Use: Scroll            |     6 |       ||     6
       Potion            |     2 |       ||     2
 Stab: Sleeping          |     4 |     3 ||     7
Armor: Skin              |     4 |     1 ||     5
Dodge: Dodged            |    36 |    14 ||    50

Table legend: (Time is in decaauts)
 A = Elapsed time spent in this place.
 B = Non-inter-level travel time spent in this place.
 C = Inter-level travel time spent in this place.
 D = Time resting spent in this place.
 E = Time spent auto-exploring this place.
 F = Levels seen in this place.
 G = Mean time per level.
                   A        B        C        D        E       F      G
               +--------+--------+--------+--------+--------+-----+--------+
         Total |   3167 |   2980 |    187 |    136 |   2428 |   4 |  791.8 |
       Dungeon |   3167 |   2980 |    187 |    136 |   2428 |   4 |  791.8 |
               +--------+--------+--------+--------+--------+-----+--------+

Top non-repeatable levels by time:
     D:2: 1364 daAuts
     D:3: 936 daAuts
     D:1: 827 daAuts
     D:4: 39 daAuts
